 Dungeon Crawl Stone Soup version 0.11.3 (webtiles) character file.

865 Canard the Cutter (level 7, -10/50 HPs)
             Began as a Human Stalker on July 28, 2017.
             Shot with an arrow by a centaur (12 damage)
             ... on Level 5 of the Dungeon.
             The game lasted 00:23:04 (6870 turns).

Canard the Cutter (Human Stalker)                   Turns: 6870, Time: 00:23:04

HP -10/50        AC  6     Str 12      XL: 7   Next: 78%
MP   8/8         EV 13     Int 11      God:
Gold 231         SH  0     Dex 18      Spells:  2 memorised,  5 levels left

Res.Fire  : . . .   See Invis. : .   x - +1,+3 dwarf dagger (venom)
Res.Cold  : . . .   Warding    : .   i - +2 robe of Plog {Dex+2 Int-2}
Life Prot.: . . .   Conserve   : .   (no shield)
Res.Poison: .       Res.Corr.  : .   (no helmet)
Res.Elec. : .       Clarity    : .   c - +0 cloak
Sust.Abil.: . .     Spirit.Shd : .   t - +0 pair of gloves
Res.Mut.  : .       Stasis     : +   (no boots)
Res.Rott. : .       Ctrl.Telep.: .   u - amulet of stasis
Saprovore : . . .   Levitation : .   (no ring) Ctrl.Flight: .
                                     o - +2 ring of strength

@: mildly poisoned, slightly resistant to hostile enchantments, fairly stealthy
A: no striking features
a: no special abilities


You were on level 5 of the Dungeon.
You were hungry.

You visited 1 branch of the dungeon, and saw 6 of its levels.

You collected 211 gold pieces.

Inventory:

Hand weapons
 a - a +2,+2 dagger {=f}
 x - a +1,+3 dwarven dagger of venom (weapon)
Missiles
 j - a throwing net (quivered)
Armour
 b - a +0 robe
 c - a +0 cloak (worn)
 i - the +2 robe of Plog (worn) {Dex+2 Int-2}
   (You found it on level 4 of the Dungeon)

   It affects your intelligence (-2).
   It affects your dexterity (+2).
 t - a +0 pair of gloves (worn)
Magical devices
 v - a wand of cold (7)
Comestibles
 f - 2 bread rations
 m - 3 bananas
 q - 2 meat rations
 B - a snozzcumber
Scrolls
 n - 3 scrolls of teleportation
 p - 4 scrolls of remove curse
 y - a scroll of recharging
 A - a scroll of fear {unknown}
Jewellery
 o - a +2 ring of strength (left hand)
 u - an amulet of stasis (around neck)
Potions
 e - 7 potions of confusion
 g - 5 potions of poison
 h - 3 potions of restore abilities
 k - 2 potions of slowing {unknown}
 l - 2 potions of paralysis
 s - 8 potions of water
 w - 2 potions of heal wounds
 z - a potion of might
Books
 d - a book of Stalking

   Spells                             Type                      Level
   *Fulsome Distillation              Transmutation/Necromancy     1
   *Evaporate                         Fire/Transmutation           2
   Passwall                           Transmutation/Earth          3
   Petrify                            Transmutation/Earth          4
   Dig                                Transmutation/Earth          4


   Skills:
 + Level 2.4 Fighting
 - Level 6.2 Short Blades
 - Level 2.0 Dodging
 - Level 2.0 Stealth
 - Level 2.0 Stabbing
 - Level 1.0 Spellcasting
 + Level 4.4 Transmutations


You had 5 spell levels left.
You knew the following spells:

 Your Spells              Type           Power        Failure   Level  Hunger
a - Fulsome Distillation  Trmt/Necr      N/A          17%         1    ##.....
b - Evaporate             Fire/Trmt      ##.....      24%         2    ###....


Dungeon Overview and Level Annotations

Branches:
Dungeon (6/27)
 Temple: D:4-7          Orc: D:6-11

Altars:
Sif Muna

Annotations
D:6 Swamperka's ghost, experienced SpSt


Message History

You feel sick.
* * * LOW HITPOINT WARNING * * *
You feel sick.
* * * LOW HITPOINT WARNING * * *
You feel sick.
* * * LOW HITPOINT WARNING * * *
You feel sick.
* * * LOW HITPOINT WARNING * * *
You feel sick.
A centaur comes into view.
* * * LOW HITPOINT WARNING * * *
You feel sick.
The centaur shouts!
* * * LOW HITPOINT WARNING * * *
You feel sick.
The centaur wields a bow.
The centaur shoots an arrow.
The arrow hits you!
* * * LOW HITPOINT WARNING * * *
You see here an arrow.
The centaur shoots an arrow.
The arrow hits you!
You die...

###.......# #.........
.##.......### #.........
.##.........############.........
.##..>.......##.......##.........
.##..........##.....c.##........#
.##...................#.........#
................................#
.###............................#
.#..............@....#..........#
.#...............(.....>..).....#
.#...........####...............#
.#...........# #...............#
.............####................
...#.........##..................
..............#..................
................................#
................................#


You could see a centaur.

Vanquished Creatures
  An ogre (D:4)
  A centaur (D:5)
  A crimson imp (D:5)
  2 hounds (D:5)
  3 hound skeletons
  An iguana (D:3)
  A jelly (D:5)
  4 gnolls (D:4)
  8 adders
  2 giant mites
  A scorpion zombie (D:5)
  A giant eyeball (D:5)
  2 giant geckos
  4 orcs
  20 bats
  16 goblins
  19 hobgoblins
  2 jackals (D:4)
  2 quokkas (D:5)
  2 ball pythons
  4 giant cockroaches
  4 giant newts
  17 kobolds
  A quokka skeleton (D:4)
  14 rats
  A toadstool (D:2)
134 creatures vanquished.

Vanquished Creatures (others)
  An orc (D:4)
  A jackal (D:4)
  A giant newt (D:6)
  A kobold (D:6)
  A rat (D:1)
5 creatures vanquished.

Grand Total: 139 creatures vanquished

Notes
Turn   | Place    | Note
--------------------------------------------------------------
     0 | D:1      | Canard, the Human Stalker, began the quest for the Orb.
     0 | D:1      | Reached XP level 1. HP: 15/15 MP: 1/1
   235 | D:1      | Reached XP level 2. HP: 16/21 MP: 0/2
   312 | D:1      | Learned a level 2 spell: Evaporate
   538 | D:1      | Reached XP level 3. HP: 7/26 MP: 3/3
  1113 | D:1      | Reached skill level 3 in Short Blades
  2388 | D:2      | Reached XP level 4. HP: 4/32 MP: 5/5
  3060 | D:2      | Reached skill level 4 in Short Blades
  3529 | D:2      | Reached XP level 5. HP: 33/37 MP: 6/6
  4748 | D:3      | Reached skill level 5 in Short Blades
  4882 | D:4      | Got a wizard robe
  4889 | D:4      | Identified the +2 robe of Plog (You found it on level 4 of the Dungeon)
  4927 | D:4      | Noticed an ogre
  4939 | D:4      | Killed an ogre
  4939 | D:4      | Reached XP level 6. HP: 40/43 MP: 4/7
  5414 | D:4      | Found a deep blue altar of Sif Muna.
  5517 | D:4      | Reached XP level 7. HP: 11/48 MP: 4/8
  5641 | D:5      | Entered Level 5 of the Dungeon
  5811 | D:5      | Reached skill level 6 in Short Blades
  6731 | D:6      | Noticed Swamperka's ghost (experienced SpSt)
  6869 | D:5      | HP: 2/50 [centaur/arrow (9)]
  6870 | D:5      | Shot with an arrow by a centaur
